[Event "Super United Croatia GCT Rapid 2022"]
[Site "Zagreb"]
[Date "2022.07.20"]
[Round "1.2"]
[White "Firouzja, Alireza"]
[Black "Saric, Ivan"]
[Result "1-0"]
[ECO "B50"]
[WhiteElo "2793"]
[BlackElo "2680"]
[Annotator "TA"]
[PlyCount "193"]
[EventDate "2022.07.20"]
[EventType "tourn"]
[EventCountry "CRO"]
[SourceTitle "playchess.com"]
[Source "ChessBase"]
[SourceQuality "1"]
[TimeControl "5400+30"]

1. e4 c5 2. Nf3 d6 3. Nc3 Nf6 4. h3 e5 5. Bc4 Be7 6. d3 {[%emt 0:00:23] B50: Sicilian: 2...d6, Miscellaneous.} O-O 7. Nh2 $5 {[%emt 0:00:29][%mdl 4] An interesting side line.} Nc6 8. Ng4 {[%emt 0:00:41] The position is equal.} Be6 9. Ne3 Nd4 {[%emt 0:00:45] [#]} 10. O-O $146 ({Predecessor:} 10. Ncd5 Nxd5 11. Bxd5 Bg5 12. O-O Bxe3 13. Bxe3 Bxd5 14. exd5 Nf5 15. Bd2 Qh4 16. c3 {0-1 (39) Denisov,L (2322)-Sitnikov,D (2434) Kemerovo 2010}) 10... Rb8 11. a4 a6 12. Ncd5 b5 13. axb5 axb5 14. Nxf6+ Bxf6 15. Bd5 {[%emt 0:00:21] aiming for c3.} b4 16. c3 bxc3 17. bxc3 Nb3 18. Bxe6 fxe6 19. Rb1 Nxc1 20. Qxc1 Bg5 21. Re1 Qf6 22. Rb2 h6 23. Qc2 Bxe3 24. Rxe3 Rxb2 25. Qxb2 $11 {[%emt 0:00:21][%mdl 4096] Endgame KQR-KQR} Qh4 26. Re1 Kh7 27. Qe2 Rf6 28. Ra1 Qf4 29. c4 Rf7 30. g3 Qf3 31. Qxf3 Rxf3 $14 {[%emt 0:00:21] KR-KR} 32. Ra3 Kg6 33. Kg2 Rf7 34. Ra6 Rd7 35. Kf3 Kf6 36. Kg4 g6 37. h4 h5+ 38. Kf3 Ke7 39. g4 hxg4+ $1 40. Kxg4 Kf6 41. Rb6 Rd8 42. Rb7 Ra8 43. Rd7 Ra6 44. Kf3 Rb6 45. Ke3 Ra6 46. f3 Rb6 47. Kd2 Rb2+ 48. Kc3 Rf2 49. Rxd6 Rxf3 50. Rc6 Rh3 51. Rxc5 Rxh4 52. Rc8 g5 53. Rg8 Rh1 54. c5 Rg1 55. Kb4 Kf7 56. Rh8 {[%emt 0:02:04] Black must now prevent c6.} Rc1 57. Kb5 {[%emt 0:01:02] c6 is the strong threat.} Rc3 {[%emt 0:01:16] [#]} (57... g4 $11 {remains equal.}) 58. c6 (58. Rh3 $1 $16 ) 58... Ke7 $11 59. Rh7+ Kd8 60. Rd7+ Kc8 61. Rd6 g4 62. Rxe6 Rxd3 63. Rxe5 g3 64. Rg5 Re3 65. Kb6 Rb3+ 66. Kc5 Rc3+ 67. Kd5 Rd3+ 68. Kc4 Ra3 69. Rg7 {[%emt 0:00:33] And now e5 would win.} Ra1 $2 {[%emt 0:01:11][%mdl 8192] [#] Black cannot hold the game after this.} (69... Ra4+ $14 70. Kd5 Ra3) 70. Rxg3 {[%emt 0:00:45] White mates.} Kc7 71. Rg6 Rc1+ 72. Kd5 Rd1+ 73. Ke5 Re1 74. Re6 Rh1 75. Kf6 Rh6+ 76. Kf7 Rh4 77. e5 Re4 78. Kf6 Rf4+ 79. Kg5 Rf1 80. Rd6 Rf2 81. Kg6 Rf1 82. Rd2 Re1 83. Kf6 Rf1+ 84. Ke6 Rh1 85. Rc2 Rh6+ 86. Kf7 Rh7+ 87. Kg6 Rh1 88. e6 Rg1+ 89. Kf7 Rf1+ 90. Ke8 Re1 91. e7 Rf1 92. Rh2 Rf3 93. Rd2 Rf1 94. Rd7+ Kc8 95. c7 Rh1 96. Rd8+ Kxc7 97. Kf7 {[%emt 0:00:22] Weighted Error Value: White=0.06 (flawless) /Black=0.06 (flawless)} 1-0

[Event "Super United Croatia GCT Rapid 2022"]
[Site "Zagreb"]
[Date "2022.07.20"]
[Round "1.3"]
[White "Carlsen, Magnus"]
[Black "Nepomniachtchi, Ian"]
[Result "1/2-1/2"]
[ECO "D41"]
[WhiteElo "2864"]
[BlackElo "2766"]
[Annotator "TA"]
[PlyCount "77"]
[EventDate "2022.07.20"]
[EventType "tourn"]
[EventCountry "CRO"]
[SourceTitle "playchess.com"]
[Source "ChessBase"]
[SourceQuality "1"]
[TimeControl "5400+30"]

1. d4 Nf6 2. c4 e6 3. Nf3 d5 4. Nc3 c5 5. cxd5 cxd4 6. Qxd4 exd5 7. e4 {[%emt 0:00:31] D41: Queen's Gambit Declined: Semi-Tarrasch with 5 cxd5.} (7. Bg5 Be7 8. e3 O-O 9. Rd1 Nc6 10. Qa4 Qb6 11. Rd2 Be6 12. Bd3 h6 13. Bh4 g5 14. Bg3 Bb4 15. O-O Ne4 16. Bxe4 dxe4 17. Nd4 Bc4 18. Rfd1 Bxc3 19. bxc3 {½-½ (51) Carlsen,M (2865)-Nepomniachtchi,I (2773) chess24.com INT 2022}) 7... dxe4 $1 {[%emt 0:00:39][%mdl 4] is more profitable than 7...Nc6 at the moment.} 8. Qxd8+ Kxd8 9. Ng5 {[%emt 0:00:23][%csl LRe4,LRf7] White has an edge.} Be6 10. a3 {[%emt 0:00:46] Against Bb4} Nbd7 11. Nxe6+ fxe6 12. g3 Rc8 {[%emt 0:01:39] [#]} 13. Bg2 $146 {[%emt 0:00:31][%mdl 1024] White has compensation.} ({Predecessor:} 13. Bh3 Ke7 14. O-O Kf7 15. Bg2 Rc4 16. Re1 Nc5 17. Be3 Nd3 18. Re2 Bc5 19. Bxc5 Nxc5 {0-1 (31) Praggnanandhaa,R (2624)-Giri,A (2773) Oslo 2022}) 13... Nc5 14. O-O Bd6 15. Rb1 Be5 16. b4 Nd3 17. Nxe4 {[%emt 0:00:29] [#] Hoping for Rd1.} Nxc1 18. Rfxc1 Rxc1+ 19. Rxc1 {[%emt 0:00:25] aiming for Nc5.} Nxe4 20. Bxe4 $11 {[%emt 0:00:23][%mdl 4096] Endgame KRB-KRB} Bb2 (20... b6 $11 {is superior.}) 21. Rb1 {[%emt 0:07:28] White is more active.} Bxa3 22. Rb3 ({Reject} 22. Bxb7 Ke7 $11) (22. Ra1 $14 Bxb4 23. Rxa7) 22... Bc1 {[%emt 0:00:21] The position is equal.} 23. Bxb7 {[%emt 0:00:22] [#] And now Rc3 would win.} Ke7 24. b5 Rd8 25. Be4 h6 26. Kg2 Rd2 27. Rc3 Bb2 28. Rc7+ Rd7 29. Rc2 Bd4 30. f3 Bb6 31. Kh3 Rd4 32. Rb2 Kf6 33. Kg4 Rc4 34. h4 Rc5 35. Rb1 Ke7 36. Rb3 Kf6 37. Rb1 Ke7 38. Rb3 Kf6 39. Rb1 {Weighted Error Value: White=0.06 (flawless) /Black=0.03 (flawless)} 1/2-1/2

[Event "Super United Croatia GCT Rapid 2022"]
[Site "Zagreb"]
[Date "2022.07.20"]
[Round "1.4"]
[White "Topalov, Veselin"]
[Black "Vachier-Lagrave, Maxime"]
[Result "0-1"]
[ECO "E61"]
[WhiteElo "2728"]
[BlackElo "2760"]
[Annotator "TA"]
[PlyCount "64"]
[EventDate "2022.07.20"]
[EventType "tourn"]
[EventCountry "CRO"]
[SourceTitle "playchess.com"]
[Source "ChessBase"]
[SourceQuality "1"]
[TimeControl "5400+30"]

1. d4 Nf6 2. c4 g6 3. Nf3 Bg7 4. e3 O-O 5. Be2 c5 6. d5 e6 7. Nc3 d6 8. e4 {[%emt 0:01:20] E61: King's Indian: Early deviations for White, including Smyslov System.} Na6 $5 {[%emt 0:05:28][%mdl 4] Leaves trodden paths.} 9. O-O Nc7 {[%emt 0:00:51] [#]} 10. Be3 $146 {[%emt 0:01:43] White is slightly better.} ({Predecessor:} 10. Re1 Re8 11. e5 dxe5 12. d6 Na6 13. Nxe5 Nd7 14. Nxd7 Bxd7 15. Bf3 Qb6 16. Re2 {0-1 (51) Mamedyarov,S (2809)-Dubov,D (2701) Moscow 2018}) 10... b6 11. h3 Nh5 12. dxe6 (12. Re1 $14) 12... Nxe6 $11 13. Qc1 Bb7 14. Rd1 Bxc3 15. Qxc3 Bxe4 16. g3 {[%emt 0:04:47] Against Nhf4. Black continues to play with concentration.} (16. Qd2 $15) 16... Re8 $17 17. Rd2 Nhg7 18. g4 {[%emt 0:02:24] Prevents Nf5.} Qe7 19. Rad1 Rad8 20. Nh2 (20. Bh6 $142) 20... f5 {[%emt 0:02:50] aiming for ...f4.} 21. Bh6 (21. f3 {might work better.} Bc6 22. Bf1) 21... Nd4 $19 22. Rxd4 cxd4 23. Rxd4 Ne6 24. Rd1 Qh4 25. Bc1 Ng5 26. Bf1 fxg4 27. hxg4 Rf8 28. f4 {[%emt 0:00:46] [#]} (28. Qg3 Qxg3+ 29. fxg3) 28... Ba8 $1 {[%emt 0:01:46][%cal Od8e8] ...Rde8! is the strong threat.} 29. c5 {[%emt 0:01:34] [#]} (29. b4 Rde8) 29... bxc5 $1 30. Qb3+ (30. Rd3 Be4) 30... Rf7 31. Bd2 {[%emt 0:01:13] [#]} Ne4 (31... Re8 $142 $1 {[%cal Og5f3] ( -> ...Nf3+!)} 32. Re1 Rxe1 33. Bxe1 Qxe1 34. Qb8+ Rf8 35. Qb3+ Ne6) 32. Ba5 Qf2+ {[%emt 0:00:03] Weighted Error Value: White=0.90/Black=0.31} 0-1

[Event "Super United Croatia GCT Rapid 2022"]
[Site "Zagreb"]
[Date "2022.07.20"]
[Round "1.5"]
[White "Mamedyarov, Shakhriyar"]
[Black "Van Foreest, Jorden"]
[Result "0-1"]
[ECO "D37"]
[WhiteElo "2759"]
[BlackElo "2678"]
[Annotator "TA"]
[PlyCount "72"]
[EventDate "2022.07.20"]
[EventType "tourn"]
[EventCountry "CRO"]
[SourceTitle "playchess.com"]
[Source "ChessBase"]
[SourceQuality "1"]
[TimeControl "5400+30"]

1. d4 d5 2. c4 e6 3. Nf3 Nf6 4. Nc3 a6 5. cxd5 exd5 6. Bg5 {[%emt 0:00:23] D37: Queen's Gambit Declined: 5 Bf4.} Be6 7. Qb3 Nbd7 8. e3 {[%emt 0:00:24] White has an edge.} Rb8 9. Qc2 Bd6 10. Bd3 c6 {[%emt 0:00:23] [#]} 11. Rb1 $146 ({Predecessor:} 11. Bf4 Qc7 12. Bxd6 Qxd6 13. O-O h6 14. Rfc1 O-O 15. Na4 Rfe8 16. Nc5 Nxc5 17. Qxc5 Qxc5 18. Rxc5 {0-1 (67) Mirzoev,A (2510)-Rakhmanov,A (2629) Linares 2018}) 11... Qc7 12. b4 O-O 13. Bh4 Bg4 14. Ng5 h6 (14... Bxh2 $2 15. Bxh7+ Kh8 16. g3 $18) 15. Nh7 Nxh7 16. Bxh7+ Kh8 17. Bd3 Rfe8 (17... Bxh2 $2 18. g3 $18) 18. h3 ({White should play} 18. Bg3 $11) 18... Be6 $15 19. Ne2 Nb6 20. O-O Nc4 21. Bxc4 dxc4 22. e4 a5 23. b5 cxb5 24. Rxb5 Bd7 $36 {[%emt 0:00:59][%mdl 2048] Black has good play.} 25. Rh5 b5 26. Nc3 $2 {[%emt 0:04:10] This costs White the game.} (26. e5 $1 $11 {and White is okay.} Bf8 27. Bg3) 26... Qc6 $1 $19 27. Nd5 Bf8 28. Bg3 Rbc8 29. Re1 b4 30. Re3 (30. Qc1 {was necessary.}) 30... a4 31. Be5 b3 32. Qd2 a3 {[%emt 0:03:28] ...b2 is the strong threat.} 33. Rg3 $2 {[%emt 0:01:29] [#]} (33. axb3 cxb3 34. Rxb3 (34. Rc3 $2 Rxe5 35. Rxc6 Rxc6 $19) 34... Qc1+ 35. Qxc1 Rxc1+ 36. Kh2 Rxe5 37. Rxe5) 33... Rxe5 $1 {[%emt 0:01:28][%mdl 512] Black is clearly winning.} 34. dxe5 {[%emt 0:00:21][%cal Od5f6] Hoping for Nf6!} c3 $1 (34... b2 $2 35. Nf6 $1 b1=Q+ 36. Kh2 Qxf6 37. exf6 $18) 35. Nf6 {[%emt 0:02:30] [#]} Qxf6 (35... cxd2 $2 {[#] leads to mate.} 36. Rxh6+ $3 gxh6 37. Rg8#) 36. Qxd7 Qe6 {[%emt 0:00:47] Weighted Error Value: White=0.61/Black=0.04 (flawless)} 0-1

[Event "Super United Croatia GCT Rapid 2022"]
[Site "Zagreb"]
[Date "2022.07.20"]
[Round "2.1"]
[White "Vachier-Lagrave, Maxime"]
[Black "So, Wesley"]
[Result "1/2-1/2"]
[ECO "C67"]
[WhiteElo "2760"]
[BlackElo "2773"]
[Annotator "TA"]
[PlyCount "90"]
[EventDate "2022.07.20"]
[EventType "tourn"]
[EventCountry "CRO"]
[SourceTitle "playchess.com"]
[Source "ChessBase"]
[SourceQuality "1"]
[TimeControl "5400+30"]

1. e4 e5 2. Nf3 Nc6 3. Bb5 Nf6 4. O-O Nxe4 5. Re1 Nd6 6. Nxe5 Be7 7. Bf1 Nxe5 8. Rxe5 O-O 9. d4 Bf6 10. Re1 Re8 {[%emt 0:00:22] C67: Ruy Lopez: Berlin Defence: 4 0-0 Nxe4.} 11. Bf4 Rxe1 12. Qxe1 Ne8 13. c3 d5 14. a4 {[%emt 0:00:56] The position is equal.} a5 15. Nd2 c6 16. Bd3 g6 {[%emt 0:00:29] [#]} 17. Nf3 $146 ({Predecessor:} 17. Nf1 Ng7 18. Ng3 h5 19. h3 h4 20. Nf1 Bf5 21. Bxf5 Nxf5 22. Ne3 Bg5 23. Bxg5 Qxg5 24. Nxf5 gxf5 {1-0 (67) Zarubitski,V (2412)-Dobrovoljc,V (2344) Bad Blankenburg 2018}) 17... Ng7 18. Qe3 Bf5 19. Re1 Bxd3 20. Qxd3 Qb6 21. Qc2 Re8 22. Rxe8+ Nxe8 23. Ne5 Bxe5 24. Bxe5 $11 {[%emt 0:01:06][%mdl 4096] Endgame KQB-KQN} f6 25. Bf4 Kf7 26. h3 Nc7 27. Bxc7 Qxc7 {[%emt 0:00:22] KQ-KQ} 28. b4 axb4 29. cxb4 Qe7 30. b5 cxb5 31. axb5 Qd8 32. Qc5 h5 33. Kf1 Ke6 34. Ke2 h4 35. Kf3 g5 36. g3 hxg3 37. fxg3 Qe8 38. Qb6+ Kf5 39. g4+ Kg6 40. Qxb7 Qe4+ 41. Kg3 {[%emt 0:00:21] Active counter play!} Qe3+ 42. Kg2 Qe2+ 43. Kg3 Qe3+ 44. Kg2 Qe2+ 45. Kg3 Qe3+ {An even fight not without its subleties.  Weighted Error Value: White=0.02 (flawless) /Black=0.01 (flawless)} 1/2-1/2

[Event "Super United Croatia GCT Rapid 2022"]
[Site "Zagreb"]
[Date "2022.07.20"]
[Round "2.2"]
[White "Van Foreest, Jorden"]
[Black "Dominguez Perez, Leinier"]
[Result "1-0"]
[ECO "A30"]
[WhiteElo "2678"]
[BlackElo "2754"]
[Annotator "TA"]
[PlyCount "75"]
[EventDate "2022.07.20"]
[EventType "tourn"]
[EventCountry "CRO"]
[SourceTitle "playchess.com"]
[Source "ChessBase"]
[SourceQuality "1"]
[TimeControl "5400+30"]

1. c4 c5 2. Nf3 Nf6 3. g3 Nc6 4. Bg2 d5 5. cxd5 Nxd5 6. d4 cxd4 {[%emt 0:00:26] A30: Symmetrical English: Double Fianchetto and Hedgehog.} 7. Nxd4 Ndb4 {[%emt 0:00:31] [#]} 8. a3 $146 ({Predecessor:} 8. Nxc6 Qxd1+ 9. Kxd1 Nxc6 10. Bxc6+ bxc6 11. Be3 e5 12. f3 Be6 13. Ke1 a5 14. Kf2 Bb4 15. Rc1 Kd7 16. Nd2 Bxd2 17. Bxd2 Rhb8 18. Bc3 f6 19. f4 exf4 20. gxf4 {½-½ (39) Aronian,L (2765)-So,W (2776) Bucharest 2022}) 8... Qxd4 {[%emt 0:08:29] The position is equal.} 9. axb4 Qxd1+ 10. Kxd1 Nxb4 11. Nc3 Bf5 12. Bxb7 Rd8+ 13. Bd2 e6 14. Kc1 Bc5 15. Ra4 (15. Ra5 $5 Bxf2 16. Rb5 $11) 15... O-O 16. Be3 Be7 (16... Bxe3+ $14 17. fxe3 a5) 17. Rxa7 $16 Rd7 {[%emt 0:03:31] [#]} 18. Rd1 $1 Rc7 19. Bf4 Na2+ 20. Rxa2 (20. Kd2 {is more complex.} Nxc3 21. Bxc7 Nb5 22. Bb6) 20... Rxb7 21. Bd6 Bxd6 22. Rxd6 e5 {[%emt 0:00:20] Black is on the road to losing.} (22... Rfb8 $14) 23. Ra5 f6 24. f4 Rfb8 25. fxe5 Rxb2 (25... fxe5 $16 26. Rxe5 Bg6) 26. exf6 $18 Bg6 {[%emt 0:00:51] [#] Threatens to win with ...Rc2+.} 27. Kd1 gxf6 28. Rxf6 Kg7 29. Rd6 Rf8 30. Ke1 {[%emt 0:00:26] Prevents Rf1+.} Rc2 31. Ra7+ Kh6 32. Nd5 ({Don't do} 32. Nd1 Re8) 32... Rc1+ 33. Kd2 Rh1 34. Ne3 {[%emt 0:03:23] Strongly threatening h4.} Rb8 (34... Rb1 {might work better.} 35. Rd5 Rf7 36. Rxf7 Bxf7) 35. Rd5 Rb4 {[%emt 0:00:30] Against Ng4+} 36. h4 {[%emt 0:00:55] Black must now prevent Rg5.} Rh3 $2 (36... Rhb1 37. Re7 R4b2+ 38. Kc3 Rb3+ 39. Kd4 Rb4+ 40. Kc5 Ra4) 37. Rg5 Bh5 {[%emt 0:00:32] Against Ng4+} (37... Rd4+ $18 38. Ke1 Rdxh4 39. gxh4 Rxe3) 38. Nf5# {[%emt 0:00:02] Weighted Error Value: White=0.09 (flawless) /Black=0.33} 1-0

[Event "Super United Croatia GCT Rapid 2022"]
[Site "Zagreb"]
[Date "2022.07.20"]
[Round "2.3"]
[White "Saric, Ivan"]
[Black "Mamedyarov, Shakhriyar"]
[Result "1/2-1/2"]
[ECO "C83"]
[WhiteElo "2680"]
[BlackElo "2759"]
[Annotator "TA"]
[PlyCount "122"]
[EventDate "2022.07.20"]
[EventType "tourn"]
[EventCountry "CRO"]
[SourceTitle "playchess.com"]
[Source "ChessBase"]
[SourceQuality "1"]
[TimeControl "5400+30"]

1. e4 {[%emt 1:05:41] Stohl,I} e5 2. Nf3 Nc6 3. Bb5 a6 4. Ba4 Nf6 5. O-O Nxe4 6. d4 b5 7. Bb3 d5 8. dxe5 Be6 9. c3 Be7 10. Nbd2 Nc5 11. Bc2 d4 12. Nb3 {[%emt 0:00:26] C83: Open Ruy Lopez: 9 c3 Be7.} d3 13. Bb1 Nxb3 14. axb3 {[%emt 0:00:22] White is slightly better.} Bf5 15. Re1 O-O 16. Be3 Qd5 17. Bd4 Rfd8 18. h4 Bg6 {[%emt 0:03:11][%cal Rc6d4] [#]} 19. Bxd3 $146 ({Predecessor:} 19. b4 d2 20. Qxd2 Bxb1 21. Raxb1 Bxb4 22. Qf4 Be7 23. e6 fxe6 24. Qg4 Nxd4 25. Nxd4 {1-0 (35) Caruana,F (2804)-Hou,Y (2663) Shamkir 2016 CBM 173 [Stohl,I]}) 19... Bxd3 20. Qxd3 Qxb3 21. e6 fxe6 22. Qe4 Qc4 23. Qg4 Nxd4 24. cxd4 {[%emt 0:00:28] aiming for Rac1.} Bf6 25. Rac1 Qd5 26. Rxc7 Qf5 $132 {[%emt 0:00:28][%mdl 2048] Black is fighting back} 27. Qg3 h5 28. Rc6 Bxd4 29. Nxd4 Rxd4 30. Rcxe6 Rf8 $1 31. Rg6 Rg4 32. Rxg4 hxg4 $11 {[%emt 0:00:30][%mdl 4096] Endgame KQR-KQR} 33. Qe3 Kh8 34. Qd4 Rc8 $2 (34... Qf6 $11 35. Qxf6 Rxf6) 35. Re5 $1 $18 Qf7 36. Qxg4 Rc1+ (36... Re8 $16 37. Rf5 Qe7) 37. Kh2 Rc4 38. Qg5 Kh7 39. Re7 Qf4+ (39... Qg6 {was necessary.} 40. Ra7 Rb4) 40. Qxf4 Rxf4 {[%emt 0:00:22] KR-KR} 41. Kg3 Ra4 {[%emt 0:00:35] [#]} (41... Rf6 {was called for.} 42. Ra7 Rg6+ 43. Kh3 Rf6) 42. Ra7 $1 a5 43. Ra6 (43. f4 $142 Ra2 44. b3) 43... g6 $2 (43... Ra2 44. b3 Kg8) 44. f4 Ra2 45. b3 Kh6 $2 (45... Kg7 46. Kf3 a4 47. Ra7+ Kf6 48. Ra6+ Kg7 49. bxa4 Rxa4) 46. Kf3 {[%emt 0:01:20] Strongly threatening f5.} b4 47. g3 (47. f5 Rb2 48. f6 (48. fxg6 Rxb3+ 49. Kf4 Rd3 $18) (48. Rxg6+ Kh7 $16) (48. Rxa5 Rxb3+ 49. Kf4 Ra3 $16) 48... Rxb3+ 49. Ke4 Rc3 50. Rxa5 Rc4+ 51. Ke3 Rc3+ 52. Kd4 Rc8 $18) 47... Ra3 {[%emt 0:00:24] [#]} 48. Kg4 $1 Kg7 49. h5 ({Not} 49. Ra7+ Kf6 $16) 49... gxh5+ 50. Kh4 $2 (50. Kxh5 $18 Rxb3 51. g4) 50... Kf7 $11 {[%emt 0:00:43] The position is equal.} ({Don't take} 50... Rxb3 51. Rxa5 Rb1 52. Kxh5 $16) 51. Kxh5 {[%emt 0:00:39] g4 is the strong threat.} Rxb3 52. Rxa5 Rxg3 53. Rb5 b3 54. Kh4 Rc3 55. Kg5 Ke7 56. f5 Rg3+ 57. Kf4 Rh3 58. Ke5 Re3+ 59. Kf4 Rh3 60. Ke5 Re3+ 61. Kf4 Rh3 {[%emt 0:00:21] Black defended with fortune.  Weighted Error Value: White=0.25 (precise) /Black=0.33} 1/2-1/2

[Event "Super United Croatia GCT Rapid 2022"]
[Site "Zagreb"]
[Date "2022.07.20"]
[Round "2.4"]
[White "Nepomniachtchi, Ian"]
[Black "Firouzja, Alireza"]
[Result "1/2-1/2"]
[ECO "C54"]
[WhiteElo "2766"]
[BlackElo "2793"]
[Annotator "TA"]
[PlyCount "131"]
[EventDate "2022.07.20"]
[EventType "tourn"]
[EventCountry "CRO"]
[SourceTitle "playchess.com"]
[Source "ChessBase"]
[SourceQuality "1"]
[TimeControl "5400+30"]

1. e4 e5 2. Nf3 Nc6 3. Bc4 Nf6 4. d3 Bc5 5. O-O d6 6. c3 O-O 7. Re1 {[%emt 0:00:26] now supersedes 7.Bb3.} a5 {[%emt 0:00:23] C54: Giuoco Piano: 4 c3 Nf6, main lines with 5 d4 and 5 d3.} 8. h3 Ba7 9. Na3 h6 10. Nb5 Bb6 11. Be3 Bxe3 12. Rxe3 Re8 {[%emt 0:00:21] [#]} 13. Qb3 $146 ({Predecessor:} 13. Qc2 Ne7 14. Qb3 Rf8 15. d4 Ng6 16. Rd1 Bd7 17. a4 Qc8 18. Nd2 Nh5 19. Nf3 {½-½ (59) Ragger,M (2643)-Jones,G (2665) Chartres 2022}) 13... Be6 14. Bxe6 Rxe6 15. d4 Re8 16. d5 Ne7 17. c4 Nd7 18. Qc2 Nc5 19. b3 Rf8 20. Nh4 c6 21. dxc6 bxc6 22. Nc3 Ne6 23. Qd2 Nd4 24. Rg3 Kh7 25. f4 (25. Rd1 $11) 25... Ng6 $1 $15 26. Nxg6 fxg6 27. fxe5 dxe5 {[%emt 0:00:22][%cal Od4f3] Threatens to win with ...Nf3+!} 28. Rd3 {[%emt 0:00:28] Prevents Nf3+.} Qh4 29. Qe1 Qe7 30. Rad1 Rf4 31. Qe3 Qg5 32. Kh2 Raf8 33. R1d2 {[%emt 0:00:21] [#]} (33. Ne2 $17 Nxe2 34. Qxe2) 33... Qh5 $1 $19 34. Ne2 {[%emt 0:04:16] [#]} Nf3+ $1 35. gxf3 Rxf3 36. Ng3 Rxe3 37. Nxh5 Rxd3 38. Rxd3 gxh5 {[%emt 0:00:23][%mdl 4096] Endgame KR-KR} 39. Kg1 {[%emt 0:02:37] Against Rf2} Rf4 40. Rd6 Rxe4 41. Rxc6 Re2 42. Rc5 Rxa2 {[%emt 0:00:24] White must now prevent ...e4.} 43. Rxe5 h4 (43... Kg6 $17 44. Rb5 a4 45. bxa4 Rxa4) 44. Rb5 $15 a4 45. bxa4 Rxa4 46. Rc5 (46. c5 $15) 46... Ra3 47. Kg2 Kg6 (47... Rg3+ $17 48. Kh2 Rc3) 48. Rc7 (48. Rb5 $15 {was preferrable.}) 48... Rg3+ 49. Kh2 Kf5 ({Better is} 49... Rc3 $17 50. c5 Rc2+ 51. Kg1 Rc4) 50. c5 g5 51. Rc6 h5 {[%emt 0:00:23] Hoping for ...g4.} 52. Rh6 Rc3 53. Rxh5 Kf4 54. Kg2 Rc2+ 55. Kg1 Rxc5 56. Kg2 Rc2+ 57. Kg1 Ra2 58. Kh1 $1 Ra5 {[%emt 0:00:50] ( -> ...Kg3)} 59. Kg2 Rb5 60. Kf2 $1 Rc5 $2 (60... Rb3 $19 {and Black stays clearly on top.} 61. Kg2 Rg3+ 62. Kh2 Ra3) 61. Kg2 $17 Ke3 62. Rh8 Rc2+ 63. Kg1 Kf3 {[%emt 0:00:31] And now ...Kg3 would win.} 64. Rg8 Rc1+ 65. Kh2 Rc2+ 66. Kg1 {[%emt 0:00:22] Weighted Error Value: White=0.10 (very precise) /Black=0.21 (precise)} 1/2-1/2

[Event "Super United Croatia GCT Rapid 2022"]
[Site "Zagreb"]
[Date "2022.07.20"]
[Round "2.5"]
[White "Topalov, Veselin"]
[Black "Carlsen, Magnus"]
[Result "0-1"]
[ECO "B11"]
[WhiteElo "2728"]
[BlackElo "2864"]
[Annotator "TA"]
[PlyCount "156"]
[EventDate "2022.07.20"]
[EventType "tourn"]
[EventCountry "CRO"]
[SourceTitle "playchess.com"]
[Source "ChessBase"]
[SourceQuality "1"]
[TimeControl "5400+30"]

1. e4 c6 2. Nc3 d5 3. Nf3 Bg4 4. h3 Bxf3 5. Qxf3 Nf6 6. d4 e6 7. exd5 {[%emt 0:00:25] B11: Caro-Kann: Two Knights Variation.} cxd5 8. Bd3 Nc6 9. Ne2 {[%emt 0:00:22] The position is equal.} Nb4 $5 {[%emt 0:01:44][%mdl 4] Leaves trodden paths.} 10. Bb5+ Nd7 11. Ba4 b5 12. Bb3 Nc6 13. c3 Bd6 14. O-O {[%emt 0:00:55] [#]} Rc8 $146 ({Predecessor:} 14... Qf6 15. Qd3 Rb8 16. f4 g6 17. g4 h5 18. g5 Qd8 19. h4 Ne7 20. Ng3 Qc7 {0-1 (50) Iglesias Ferreira,A (2146)-Buendia Pinar,A (2295) La Roda 2022}) 15. Qg4 O-O 16. Bh6 Qf6 17. Be3 Qg6 18. Nf4 Qxg4 19. hxg4 b4 20. Nd3 bxc3 21. bxc3 Na5 22. Rfc1 Rc7 23. Rab1 Rfc8 24. Bd2 Nb6 ({Of course not} 24... Nxb3 25. axb3 Rb7 26. b4 $11) 25. Be1 Nac4 26. Bd1 h6 (26... Na3 $5 27. Rb2 h6 $15) 27. g3 Nd7 (27... Na3 $5 28. Rb2 Nbc4 $17) 28. Rb3 Nf6 29. Rcb1 Na3 30. Rc1 Nd7 31. Kf1 Nb6 32. Rb2 Nbc4 {[%emt 0:00:38] Pair of Knights!} 33. Rb3 Be7 {[%emt 0:01:07] Black is much more active.} 34. Be2 Bg5 (34... Na5 $17 35. Rb2 Ra8) 35. Rd1 $11 Nc2 36. Nc5 Nxe1 37. Kxe1 Nb6 38. Ba6 Rd8 39. Bb5 Be7 40. Nd3 (40. Na6 $1 $11 Rcc8 41. Ke2) 40... g6 ({Black should try} 40... Nc4 $17 41. Ba4 Rdc8) 41. Ke2 Nc4 42. Rc1 (42. Ba6 $15) 42... Kg7 (42... Na5 $1 $17 43. Rbb1 Ba3) 43. Rbb1 (43. Nb4 $15) 43... Nd6 $17 44. Ne5 Ne4 45. c4 dxc4 46. Nc6 Rd5 47. Bxc4 (47. Nxe7 $11 Rxe7 48. Bc6) 47... Rxc6 ({Better is} 47... Rd6 $1 $15 48. Nxe7 Rxe7) 48. Bxd5 $11 Rxc1 49. Bxe4 {[%emt 0:00:22][%mdl 4096] Endgame KRB-KRB} (49. Rxc1 $5 exd5 50. Rc7 $17) 49... Rc4 50. Rb7 Rxd4 51. Bxg6 (51. f3 $15 Bc5 52. Bc6) 51... Kxg6 $19 52. Rxe7 $15 {[%emt 0:00:22] KR-KR} a5 ({Not} 52... Rxg4 53. Rxa7 Kf6 54. a4 $14) 53. f4 (53. Rc7 $17) 53... Ra4 $19 54. Kf3 Ra3+ 55. Kg2 $2 (55. Ke4 {is more resistant.}) 55... Rxa2+ 56. Kh3 (56. Kf3 $142 a4 57. Ra7) 56... a4 57. Ra7 a3 {[%emt 0:00:23] Strongly threatening ...Ra1.} 58. Ra5 Ra1 59. Kg2 a2 60. g5 h5 $2 (60... hxg5 61. Rxg5+ Kf6) 61. Kh2 h4 {[%emt 0:00:26] aiming for ...hxg3+.} 62. g4 {[%emt 0:00:35] [#]} Kg7 (62... Rf1 $1 $19 {has better winning chances.} 63. f5+ exf5 64. gxf5+ Kxg5 65. f6+ Rf5 66. Rxa2 Rf3) 63. Ra7 $2 (63. Ra6 $17) 63... Kg6 $2 (63... e5 $1 64. fxe5 Kg6) 64. Ra5 $1 {[%emt 0:00:40] [#]} Rf1 $1 65. Rxa2 $2 (65. f5+ exf5 66. gxf5+ Kxg5 67. Rxa2) 65... Rxf4 66. Kh3 Kxg5 67. Ra5+ f5 68. gxf5 Rf3+ 69. Kh2 Rxf5 70. Ra8 Rf4 (70... e5 $142 71. Ra4 Rf2+ 72. Kg1 Rf4 73. Ra5 Kf6 74. Ra6+ Kf5 75. Kg2 e4 76. Ra3 Rg4+ 77. Kf2 Rg5 78. Kf1 Kg4 79. Kf2 Rf5+ 80. Kg1 Re5 81. Re3 Kf4 82. Kf2 Re6 83. Re1 e3+ 84. Ke2 h3 85. Rf1+ Kg4 86. Rg1+ Kh4 87. Kf3 e2 88. Re1 h2 89. Kg2 Kg4 90. Kf2 Re8 91. Rh1 e1=R 92. Rxe1 Rxe1 93. Kxe1 h1=Q+ 94. Kd2 Qc6 95. Kd3 Qc5 96. Kd2 Kg3 97. Kd3 Kf3 98. Kd2 Qc4 99. Kd1 Ke3 100. Ke1 Qe2#) 71. Kh3 Kf5 {[%emt 0:00:27] Black mates.} 72. Ra5+ e5 73. Rb5 Ra4 74. Rb8 Kf4 75. Kxh4 e4 76. Kh3 Kf3 77. Rf8+ Ke2 78. Kg2 e3 {[%emt 0:00:26] Weighted Error Value: White=0.39/Black=0.27 (precise)} 0-1